 Dungeon Crawl Stone Soup version 0.25.1-2-g60ff931df9 (webtiles) character file.

Game seed: 4217999252831409799

5530 Chimkentus the Sneak (level 10, 0/71 HPs)
             Began as an Octopode Assassin on Aug 25, 2020.
             Was a Believer of Wu Jian.
             Slain by an eight-headed hydra (4 damage)
             ... on level 11 of the Dungeon.
             The game lasted 01:03:47 (14260 turns).

Chimkentus the Sneak (Octopode Assassin)           Turns: 14260, Time: 01:03:49

Health: 0/71       AC:  1    Str: 11    XL:     10   Next: 71%
Magic:  29/29      EV: 18    Int: 13    God:    Wu Jian [**....]
Gold:   570        SH:  6    Dex: 17    Spells: 1/9 levels left

rFire    . . .     SeeInvis .   s - +2 dagger (freeze)
rCold    . . .     Gourm    .   h - +0 buckler
rNeg     . . .     Faith    .   (helmet restricted)
rPois    .         Spirit   .   (no amulet)
rElec    .         Reflect  .   p - ring of resist corrosion
rCorr    +         Harm     .   u - ring of magical power
MR       .....                  I - ring of magical power
Stlth    +++++.....             (no ring)
HPRegen  0.21/turn              (no ring)
MPRegen  0.21/turn              (no ring)
                                (no ring)
                                (no ring)

@: lightly drained
A: almost no armour, stealthy swim, amphibious, 8 rings, constrict 8, camouflage
1, gelatinous body 1
a: Wall Jump, Renounce Religion


You were on level 11 of the Dungeon.
You worshipped Wu Jian.
Wu Jian was pleased with you.
You were very hungry.

You visited 2 branches of the dungeon, and saw 12 of its levels.
You also visited: Sewer and Ossuary.

You collected 570 gold pieces.

Inventory:

Hand Weapons
 a - a +2 dagger
 k - a +4 short sword
 n - the +2 whip of Weak Absolution {vorpal, +Rage}
   (You found it on level 8 of the Dungeon)

   It inflicts extra damage upon your enemies.
   It lets you go berserk.
 s - a +2 dagger of freezing (weapon)
 z - a +2 scimitar of freezing
 D - a +0 long sword
 O - a +3 morningstar
 Q - a +0 hand crossbow
Missiles
 b - 35 sling bullets
 c - 4 curare-tipped darts (quivered)
 e - 295 stones
 g - 218 arrows
 r - 27 bolts
Armour
 h - a +0 buckler (worn)
Jewellery
 p - a ring of resist corrosion (left tentacle)
 u - a ring of magical power (right tentacle)
 I - a ring of magical power (on tentacle)
Wands
 t - a wand of iceblast (3)
 L - a wand of random effects (12)
 M - a wand of clouds (3)
Scrolls
 i - 6 scrolls of teleportation
 l - 2 scrolls of fear
 m - a scroll of noise {unknown}
 o - a scroll of identify
 v - 2 scrolls of random uselessness
 w - a scroll of enchant armour {unknown}
 y - 2 scrolls of blinking
 C - 2 scrolls of magic mapping
 G - a scroll of remove curse
 H - 2 scrolls of fog {unknown}
 J - a scroll of acquirement {unknown}
 K - a scroll of amnesia
 N - a scroll of immolation {unknown}
Potions
 f - 2 potions of magic
 j - 4 potions of curing
 q - 3 potions of flight
 x - 4 potions of brilliance
 A - a potion of invisibility
 B - 2 potions of haste
 E - a potion of might
 F - a potion of ambrosia {unknown}
 P - a potion of berserk rage {unknown}
Comestibles
 d - 12 rations


   Skills:
 * Level 7.3(7.1) Fighting
 + Level 6.3(6.1) Short Blades
 + Level 2.9(2.8) Maces & Flails
 + Level 5.4(5.2) Throwing
 * Level 7.1(6.9) Dodging
 + Level 7.4(7.2) Stealth
 * Level 5.8(5.6) Shields
 + Level 0.4(0.2) Spellcasting
 * Level 4.1(3.9) Hexes
 + Level 1.3(1.2) Evocations


You had one spell level left.
You knew the following spells:

 Your Spells              Type           Power        Failure   Level  Hunger
a - Swiftness             Chrm/Air       #.......     43%         2    ###....
b - Corona                Hex            ##.....      6%          1    ##.....
c - Tukima's Dance        Hex            ##......     19%         3    ####...
d - Sticks to Snakes      Tmut           #.......     43%         2    ###....

Your spell library contained the following spells:

 Spells                   Type           Power        Failure   Level  Hunger
 Shock                    Conj/Air       #...         30%         1    ##.....
 Sting                    Tmut/Pois      #...         30%         1    ##.....
 Confusing Touch          Hex            ##......     19%         3    ####...
 Ensorcelled Hibernation  Hex/Ice        #.....       21%         2    ###....
 Dazzling Flash           Conj/Hex       #.....       38%         3    ####...
 Gell's Gravitas          Tloc           #.........   67%         3    ####...
 Static Discharge         Conj/Air       #.......     67%         3    ####...
 Airstrike                Air            #.........   97%         4    #####..
 Petrify                  Tmut/Erth      #.......     97%         4    #####..
 Metabolic Englaciation   Hex/Ice        #.........   98%         5    ######.
 Summon Mana Viper        Hex/Summ       #.......     98%         5    ######.
 Yara's Violent Unravell  Hex/Tmut       #.........   98%         5    ######.
 Lightning Bolt           Conj/Air       #.........   100%        5    ######.
 Summon Demon             Summ           #.........   100%        5    ######.
 Malign Gateway           Summ/Tloc      #.........   100%        7    #######


Dungeon Overview and Level Annotations

Branches:
Dungeon (11/15)            Temple (1/1) D:7             Orc (0/2) D:10
  Sewer (visited)         Ossuary (visited)
   Lair: D:8-11

Altars:
Ashenzari
Cheibriados
Dithmenos
Elyvilon
Fedhas
Gozag
Hepliaklqana
Kikubaaqudgha
Makhleb
Nemelex Xobeh
Okawaru
Qazlal
Ru
Sif Muna
Trog
Uskayaw
Vehumet
Wu Jian
Xom
Yredelemnul
Zin
The Shining One

Shops:
D:5 (   D:9 (

Annotations:
D:3 3 runed translucent doors, Elkerch's ghost, amateur CeAM
D:9 Harold


Innate Abilities, Weirdness & Mutations

You cannot wear most types of armour.
You are very stealthy in the water. (Stealth+)
You are amphibious.
You can wear up to eight rings at the same time.
You can use your tentacles to constrict eight enemies at once.
Your skin changes colour to match your surroundings (Stealth+).
Your rubbery body absorbs attacks. (AC +1, EV +1)


Message History

The orc wizard flickers and vanishes!
Deactivating autopickup; reactivate with Ctrl-A.
You are feeling very hungry.
Something tries to affect you, but you resist.
You are confused.
There is a stone staircase leading down here.
You climb downwards.
Reactivating autopickup.
A worker ant comes into view.
There is a stone staircase leading up, spattered with blood here.
You bump into the rock wall.
The eight-headed hydra roars!
You feel less confused. The eight-headed hydra bites you! x2
* * * LOW HITPOINT WARNING * * *
You block the eight-headed hydra's attack. x2
The eight-headed hydra bites you!
* * * LOW HITPOINT WARNING * * *
The eight-headed hydra bites you.
You die...

#..# ...#
#..# ## ..##
.. ... #.
#.# #. ##.#
#.##D.#
#.#.#@######
#..###.....#
#.#.#..###.#
#.##.#.#
#.#....#
D...#..#
#...#...#
#.#####.# #.
.#


You could see an eight-headed hydra.

Vanquished Creatures
  A centaur skeleton (D:11)
  2 hippogriffs (D:8)
  6 yaks
  A steam dragon (D:8)
  2 porcupines
  2 water moccasins
  A sky beast (D:8)
  Purgy (Sewer)
  An orc warrior (D:6)
  3 phantoms
  4 ogres
  A necrophage (D:8)
  2 centaurs
  A crocodile (D:8)
  Blork the orc (D:6)
  3 bullfrogs
  A big kobold (D:10)
  4 scorpions
  5 killer bees (D:10)
  7 wights
  A howler monkey (D:8)
  2 crimson imps (D:8)
  A centaur zombie (D:7)
  6 hounds
  3 orc priests
  5 jellies
  A bullfrog skeleton (D:9)
  2 orc wizards
  9 worker ants
  A hound skeleton (D:4)
  12 mummies
  7 adders
  7 gnolls
  A river rat (D:8)
  A worker ant zombie (D:7)
  A shadow imp (D:7)
  7 worms
  2 dart slugs
  4 leopard geckos
  8 orcs
  8 giant cockroaches
  7 goblins
  8 hobgoblins
  5 jackals
  11 quokkas
  A ball python (Sewer)
  9 bats
  8 frilled lizards
  4 gnoll skeletons (Ossuary)
  A jackal skeleton (D:6)
  13 kobolds
  2 kobold skeletons (Ossuary)
  A leopard gecko skeleton (D:6)
  2 orc skeletons (Ossuary)
  5 rats
  11 rat skeletons (Ossuary)
226 creatures vanquished.

Vanquished Creatures (others)
  An orc (D:10)
  A plant (D:2)
2 creatures vanquished.

Grand Total: 228 creatures vanquished

Notes
Turn   | Place    | Note
-------+----------+-------------------------------------------
     0 | D:1      | Chimkentus the Octopode Assassin began the quest for the
                  | Orb.
     0 | D:1      | Reached XP level 1. HP: 14/14 MP: 1/1
   104 | D:1      | Reached XP level 2. HP: 13/19 MP: 2/2
   618 | D:1      | Reached XP level 3. HP: 25/25 MP: 3/3
   672 | D:1      | Reached skill level 1 in Shields
  1195 | D:2      | Reached XP level 4. HP: 30/30 MP: 4/4
  1211 | D:2      | Reached XP level 5. HP: 14/36 MP: 5/5
  2897 | D:3      | Found a runed translucent gate.
  2898 | D:3      | Found a runed translucent gate.
  2898 | D:3      | Noticed Elkerch's ghost (amateur CeAM)
  2899 | D:3      | Found a runed translucent gate.
  3331 | D:3      | Found a stormy altar of Qazlal.
  3334 | D:3      | Found an ancient bone altar of Kikubaaqudgha.
  3337 | D:3      | Found a burning altar of Makhleb.
  3371 | D:3      | Learned a level 2 spell: Swiftness
  3434 | D:4      | Found a sand-covered staircase.
  3445 | D:4      | Reached XP level 6. HP: 42/42 MP: 6/6
  3448 | Ossuary  | Entered an ossuary
  4274 | D:4      | Found a shimmering altar of Xom.
  4624 | D:4      | Reached XP level 7. HP: 48/48 MP: 7/7
  5808 | D:5      | Entered Level 5 of the Dungeon
  6072 | D:5      | Found a bloodstained altar of Trog.
  6675 | D:5      | Reached XP level 8. HP: 54/54 MP: 8/8
  7005 | D:5      | Found Ugutsoyto's Weapon Shop.
  7139 | D:5      | Reached skill level 5 in Fighting
  7228 | D:6      | Noticed Blork the orc
  7292 | D:6      | Found a glowing drain.
  7296 | Sewer    | Entered a sewer
  7319 | Sewer    | Noticed Purgy
  7341 | Sewer    | Killed Purgy
  7893 | D:6      | Found a bloodstained altar of Trog.
  7906 | D:6      | Reached skill level 5 in Short Blades
  8337 | D:7      | Found a staircase to the Ecumenical Temple.
  8347 | Temple   | Entered the Ecumenical Temple
  8469 | Temple   | Became a worshipper of the Wu Jian Council
  8534 | D:7      | Found a shimmering altar of Xom.
  9371 | D:6      | Killed Blork the orc
  9654 | D:6      | Learned a level 1 spell: Corona
  9681 | D:6      | Reached skill level 5 in Dodging
  9790 | D:6      | Reached XP level 9. HP: 56/61 MP: 9/9
  9986 | D:8      | Learned a level 3 spell: Tukima's Dance
 10144 | D:8      | Reached skill level 1 in Hexes
 10549 | D:8      | Got a crude whip
 11308 | D:8      | Identified the Papyrus of Transmutation and Calling
 11429 | D:8      | Learned a level 2 spell: Sticks to Snakes
 11429 | D:8      | Identified the cursed +2 whip of Weak Absolution {vorpal,
                  | +Rage} (You found it on level 8 of the Dungeon)
 11434 | D:9      | Found Pikyt's Weapon Emporium.
 11443 | D:9      | Noticed a death yak
 11445 | D:9      | Noticed a death yak
 11499 | D:9      | Noticed Harold
 11526 | D:8      | Reached * piety under Wu Jian
 11526 | D:8      | Reached skill level 5 in Throwing
 11526 | D:8      | Reached skill level 5 in Shields
 12225 | D:8      | Reached XP level 10. HP: 58/69 MP: 10/10
 12621 | D:9      | Noticed a death yak
 12638 | D:8      | Reached skill level 1 in Maces & Flails
 13164 | D:9      | You fall into a shaft and drop 1 floor!
 13164 | D:10     | Entered Level 10 of the Dungeon
 13164 | D:10     | Found a staircase to the Orcish Mines.
 13593 | D:10     | Reached skill level 1 in Evocations
 13657 | D:10     | Found a hide-covered altar of Uskayaw.
 14028 | D:11     | Noticed an eight-headed hydra
 14155 | D:10     | Reached ** piety under Wu Jian
 14260 | D:11     | Slain by an eight-headed hydra

Illustrated notes

Levels and vault maps discovered:
D:1:      dpeg_arrival_line_fractal, layout_basic, hangedman_feature_mirror
D:2:      layout_basic, serial_forest, infiniplex_forest_end_1,
          infiniplex_forest_diagonal, infiniplex_forest_end_1,
          infiniplex_forest_clump_long, infiniplex_forest_lined_corner,
          infiniplex_forest_lined_corner, infiniplex_forest_straight_4,
          infiniplex_forest_clump_C
D:3:      layout_rooms, grunt_temple_overflow_diamond, gammafunk_ghost_split,
          feat_on_display
D:4:      layout_gridville, lemuel_crystal_altar, gup_ossuary_entry_pyramid
D:5:      layout_cave_pods, lemuel_round_altar, serial_shops, shop,
          first_ration, minmay_misc_feat_doors
D:6:      layout_basic, basic_altar, gup_sewer_entry_bowl, uniq_blork_the_orc
D:7:      layout_rooms, minmay_temple_entry_offerings, basic_altar
D:8:      layout_loops_ring
D:9:      layout_cave_pools, dpeg_lair_monsters, serial_shops,
          nicolae_shop_trees, uniq_maggie, uniq_harold
D:10:     layout_loops_cross, david_orc_4, basic_altar
D:11:     layout_loops_ring, serial_shops, kennysheep_mini, shop, shop,
          blue_anna_alchemist [blue_anna_fruit_fields, blue_anna_fruit_fields],
          roderic_batcave
Temple:   minmay_crystal_spiral_temple

Skill      XL: |  1  2  3  4  5  6  7  8  9 10 |
---------------+-------------------------------+-----
Shields        | 1 2 3 4 5 |  5.8
Dodging        | 2 3 5 6 7 |  7.1
Fighting       | 3 4 5 6 7 |  7.3
Short Blades   | 3 4 5 6 |  6.3
Throwing       | 3 4 5 |  5.4
Hexes          | 3 4 |  4.1
Stealth        | 6 7 |  7.4
Maces & Flails | 2 |  2.9
Evocations     | 1 |  1.3
Spellcasting   | |  0.4

Action                   |  1- 3 |  4- 6 |  7- 9 | 10-12 || total
-------------------------+-------+-------+-------+-------++-------
Melee: Dagger            |    55 |   192 |   322 |    27 ||   596
       Constrict         |    16 |    37 |    29 |    24 ||   106
       Tentacles         |    10 |    34 |    81 |    47 ||   172
       Whip              |       |       |    24 |   147 ||   171
Throw: Dart              |     5 |     7 |    47 |     7 ||    66
       Stone             |       |       |    60 |     2 ||    62
 Cast: Corona            |       |       |     1 |     5 ||     6
Invok: Lunge             |       |       |    19 |    13 ||    32
       Whirlwind         |       |       |       |     4 ||     4
 Abil: Evoke Berserk Rag |       |       |       |     1 ||     1
Evoke: Wand              |       |       |     8 |     3 ||    11
  Use: Scroll            |       |     7 |    17 |     5 ||    29
       Potion            |       |       |     7 |     8 ||    15
 Stab: Sleeping          |     8 |    30 |    22 |     6 ||    66
       Distracted        |       |       |     2 |     1 ||     3
       Invisible         |       |       |       |     4 ||     4
  Eat: Chunk             |     1 |     7 |    14 |     3 ||    25
       Ration            |       |     1 |     3 |     1 ||     5
Armor: Skin              |     5 |     8 |     9 |     6 ||    28
Dodge: Dodged            |    36 |    60 |   155 |   116 ||   367
Block: Buckler           |     6 |    29 |    48 |    40 ||   123
